AoeStats
← Pipeiro

Arabia

510232781Analyzed
1v1 RM · 9h ago on Sep 30, 2026· 48m 24s· 2 players
Game mode
Random Map
Map size
Tiny (2 player)
Population
200
Speed
Normal
Resources
Standard
Victory
Conquest
Starting age
Dark Age
Ending age
Imperial Age
RankedLock teamsTeams togetherTeam positionsShared explorationLock speedFull tech treeHidden civsTurbo modeCheats
Victory
Defeat
🇻🇳 Huns · Vietnam
638
+21
🇦🇷 Teutons · Argentina
592
-14
Pipeiro
9:52 Feudal Age
10:20 Double-Bit Axe
17:12 Forging
23:13 Castle Age
21:27 Horse Collar
28:04 Scale Barding Armor
31:05 Man-at-Arms
38:20 Long Swordsman
39:14 Scale Mail Armor
45:44 Gold Mining
46:43 Bloodlines
46:26 Pikeman
47:44 Iron Casting
50:33 Imperial Age
bintovip
12:16 Feudal Age
14:06 Wheelbarrow
13:19 Double-Bit Axe
13:39 Loom
16:00 Forging
19:24 Fletching
20:04 Bloodlines
20:04 Padded Archer Armor
20:25 Horse Collar
23:58 Castle Age
25:49 Iron Casting
25:09 Pikeman
25:50 Squires
25:39 Elite Skirmisher
26:24 Thumb Ring
26:38 Hand Cart
26:45 Bow Saw
26:44 Husbandry
26:08 Light Cavalry
28:19 Bodkin Arrow
32:14 Murder Holes
36:07 Imperial Age
34:27 Leather Archer Armor
34:58 Husbandry
36:09 Ballistics
37:53 Chemistry
36:58 Bracer
38:51 Conscription
38:35 Marauders
38:32 Halberdier
40:57 Elite Tarkan
41:49 Arson
42:58 Marauders
44:28 Parthian Tactics
43:24 Heavy Cavalry Archer
45:20 Two-Man Saw
47:02 Blast Furnace
Connection lost

Rejoining the realm…

Still unreachable

The connection could not be restored.

Session expired

The server has moved on; the page needs a fresh start.